 Dungeon Crawl Stone Soup version 0.30.1-11-g7821555f0a (webtiles) character file.

Game seed: 10561620762587081446

1447 monsoonserge the Covered (level 8, -1/57 (61) HPs)
             Began as a Demonspawn Warper on Jan 4, 2024.
             Slain by a sky beast (7 damage)
             ... on level 6 of the Dungeon.
             The game lasted 00:16:17 (5133 turns).

monsoonserge the Covered (Demonspawn Warper)        Turns: 5133, Time: 00:16:18

HP:   -1/57 (61)    AC:  7    Str: 12    XL:     8   Next: 46%
MP:   9/11          EV: 12    Int: 27    God:
Gold: 270           SH:  0    Dex: 16    Spells: 9/11 levels left

rFire   . . .        p - +10 mace "Bogemuck" {flame, rC+ Will+ Int+4}
rCold   + . .        (no shield)
rNeg    . . .        g - +0 ring mail
rPois   .            B - +0 helmet
rElec   .            t - scarf {harm}
rCorr   .            (no gloves)
SInv    .            (no boots)
Will    +....        (no amulet)
Stlth   +++          R - +6 ring of intelligence
HPRegen 0.29/turn    (no ring)
MPRegen 0.12/turn

%: harm (+30% outgoing, +20% incoming)
@: drained
A: thin skeletal structure 2, powered by pain 1
a: no special abilities


You were on level 6 of the Dungeon.
You visited 2 branches of the dungeon, and saw 7 of its levels.
You also visited: Ossuary.

You collected 374 gold pieces.
You spent 104 gold pieces at shops.

Inventory:

Hand Weapons
 a - a +0 falchion
 n - a +0 short sword of speed
 p - the +10 mace "Bogemuck" (weapon) {flame, rC+ Will+ Int+4}
   (You found it on level 2 of the Dungeon)

   Int:       It affects your intelligence (+4).
   rC:        It protects you from cold.
   Will:      It increases your willpower.
 M - a +4 sling of freezing
Missiles
 d - 7 boomerangs of dispersal (quivered)
 C - 7 javelins
 I - a throwing net
Armour
 b - a +0 leather armour
 g - a +0 ring mail (worn)
 o - a +0 scale mail
 t - a scarf of harm (worn)
 B - a +0 helmet (worn)
 K - an orb of mayhem
Magical Staves
 e - a staff of air
 s - a staff of fire
 Q - a staff of conjuration
Jewellery
 R - a +6 ring of intelligence (left hand)
 S - an amulet of faith
Wands
 v - a wand of paralysis (23)
 J - a wand of flame (18)
 P - a wand of polymorph (12)
Scrolls
 c - 2 scrolls of blinking
 f - a scroll of identify
 h - a scroll of fog
 i - a scroll of silence
 m - 2 scrolls of immolation {unknown}
 y - a scroll of butterflies {unknown}
 D - a scroll of magic mapping {unknown}
 F - 2 scrolls of fear {unknown}
 G - a scroll of torment {unknown}
 H - a scroll of teleportation
 L - 2 scrolls of vulnerability {unknown}
 O - a scroll of poison
Potions
 j - 4 potions of mutation
 k - 7 potions of heal wounds
 l - a potion of haste
 q - 2 potions of lignification
 u - a potion of flight {unknown}
 w - a potion of curing {unknown}
 x - a potion of might {unknown}
 z - a potion of degeneration {unknown}
 A - 4 potions of resistance {unknown}
 E - a potion of brilliance {unknown}
 N - 2 potions of attraction


   Skills:
 + Level 4.5 Fighting
 - Level 0.1(1.3) Short Blades
 - Level 2.3 Long Blades
 + Level 3.2 Maces & Flails
 - Level 1.0 Throwing
 * Level 5.4 Armour
 + Level 4.2 Dodging
 - Level 2.0 Spellcasting
 + Level 4.9 Translocations


You had 9 spell levels left.
You knew the following spells:

 Your Spells              Type           Power      Damage    Failure   Level
a - Blink                 Tloc           58%        N/A       4%          2

Your spell library contained the following spells:

 Spells                   Type           Power      Damage    Failure   Level
 Lesser Beckoning         Tloc           58%        N/A       4%          2
 Teleport Other           Tloc           29%        N/A       8%          3
 Magic Dart               Conj           8%         1d3       21%         1
 Vhi's Electric Charge    Tloc/Air       32%        N/A       22%         3
 Manifold Assault         Tloc           29%        N/A       26%         4
 Call Imp                 Summ           4%         N/A       30%         2
 Scorch                   Fire           4%         2d5       30%         2
 Mephitic Cloud           Conj/Pois/Air  2%         N/A       52%         3
 Summon Guardian Golem    Hex/Summ       2%         N/A       52%         3
 Flame Wave               Conj/Fire      2%         2d4       89%         4
 Summon Cactus Giant      Summ           1%         N/A       100%        6
 Orb of Destruction       Conj           1%         9d5       100%        7
 Spellforged Servitor     Conj/Summ      1%         N/A       100%        7


Dungeon Overview and Level Annotations

Branches:
Dungeon (6/15)             Temple (1/1) D:6         Ossuary (visited)

Altars:
Ashenzari
Dithmenos
Fedhas
Gozag
Hepliaklqana
Kikubaaqudgha
Nemelex Xobeh
Okawaru
Qazlal
Ru
Sif Muna
Trog
Uskayaw
Xom
Yredelemnul

Shops:
D:3 =   D:4 *(

Annotations:
D:1 dig for blue potion


Innate Abilities, Weirdness & Mutations

You have a moderately thin skeletal structure. (Dex +4, Stealth++)
You sometimes gain a little power by taking damage.


Message History

You feel stable enough to blink again.
You barely miss the orc. The orc hits you but does no damage.
The wight hits you but does no damage.
You hit the orc. You burn the orc.
You kill the orc!
The wight closely misses you. The wight hits you with a +0 halberd.
You feel drained.
You sock the wight! You burn the wight!
You destroy the wight!
You hit the wight. You burn the wight.
The wight is lightly damaged.
A sky beast comes into view.
The wight misses you.
You sock the wight! You burn the wight.
The wight is almost destroyed.
You sock the wight! You burn the wight.
You destroy the wight!
You barely miss the sky beast. The wight hits you but does no damage.
The sky beast hits you. The sky beast shocks you.
* * * LOW HITPOINT WARNING * * *
The wight hits you but does no damage.
Unknown command.
Casting: Blink (safe; 4% risk of failure)
Confirm with . or Enter, or press ? or * to list all spells.
You blink.
You feel stable enough to blink again.
Found a stone staircase leading down.
The sky beast hits you but does no damage.
The sky beast attacks as you move away! The sky beast barely misses you.
Found 13 gold pieces.
The sky beast flickers out of sight!
Deactivating autopickup; reactivate with Ctrl-A.
Something hits you.
* * * LOW HITPOINT WARNING * * *
Something shocks you.
* * * LOW HITPOINT WARNING * * *
There is an escape hatch in the floor here.
Something hits you.
* * * LOW HITPOINT WARNING * * *
Something shocks you.
You die...

### ..# #.## ..#######
##...[.....###
#$#.#######.#.#.#.......
.......@{.z.............
#...####.##.#.#.#..#.##.
# #...z.z..$........
>...##.#.#.#..#.##$
####.##....##z.#.##.
......)..).......
.....#.#####..$#.
.......# ...# .....###
.#.


You could see 2 wights.

Vanquished Creatures
  Sigmund (D:4)
  An ice beast (D:3)
  A phantom (D:6)
  A scorpion (D:5)
  3 water moccasin zombies (Ossuary)
  2 wights (D:6)
  2 howler monkeys (D:5)
  2 jellies
  An orc priest (D:5)
  A hound (D:6)
  Crazy Yiuf (D:5)
  Terence (D:2)
  4 iguanas
  An orc wizard (D:5)
  3 sleepcaps
  2 mummies (Ossuary)
  7 gnolls
  10 adders
  A white imp (D:6)
  5 adder zombies (Ossuary)
  A worm (D:2)
  5 dart slugs
  8 orcs
  2 endoplasms (D:2)
  3 giant cockroaches
  5 gnoll zombies (Ossuary)
  9 goblins
  8 hobgoblins
  6 jackals
  5 quokkas
  3 training dummies (D:4)
  5 ball pythons
  8 bats
  3 frilled lizards
  4 hobgoblin zombies (Ossuary)
  5 kobolds
  4 kobold zombies (Ossuary)
  7 orc zombies (Ossuary)
  7 rats
  2 rat zombies (D:4)
150 creatures vanquished.

Notes
Turn   | Place    | Note
-------+----------+-------------------------------------------
     0 | D:1      | monsoonserge the Demonspawn Warper began the quest for the
                  | Orb.
     0 | D:1      | Reached XP level 1. HP: 16/16 MP: 3/3
    88 | D:1      | Reached skill level 1 in Throwing
    88 | D:1      | Reached skill level 1 in Armour
   130 | D:1      | Gained mutation: You have a somewhat thin skeletal
                  | structure. (Dex +2, Stealth+) [demonic ancestry]
   130 | D:1      | Reached XP level 2. HP: 22/22 MP: 5/5
   853 | D:2      | Reached XP level 3. HP: 13/27 MP: 6/6
  1409 | D:2      | Noticed Terence
  1429 | D:2      | Killed Terence
  1430 | D:2      | Reached skill level 2 in Armour
  1430 | D:2      | Reached XP level 4. HP: 4/34 MP: 7/7
  1443 | D:2      | Learned a level 2 spell: Blink
  1869 | D:2      | Identified the +10 mace "Bogemuck" {flame, rC+ Will+ Int+4}
  1971 | D:3      | Found Fosumysm's Jewellery Boutique.
  2076 | D:3      | Found a sparkling altar of Nemelex Xobeh.
  2526 | D:3      | Noticed an ice beast
  2531 | D:3      | Killed an ice beast
  2532 | D:3      | Reached skill level 1 in Maces & Flails
  2532 | D:3      | Gained mutation: You have a moderately thin skeletal
                  | structure. (Dex +4, Stealth++) [demonic ancestry]
  2532 | D:3      | Reached XP level 5. HP: 40/40 MP: 8/8
  2854 | D:4      | Noticed Sigmund
  2859 | D:4      | Killed Sigmund
  2860 | D:4      | Reached skill level 3 in Armour
  2860 | D:4      | Reached XP level 6. HP: 42/47 MP: 9/9
  2881 | D:4      | Found a sand-covered staircase.
  2989 | Ossuary  | Entered an ossuary
  3085 | Ossuary  | Gained mutation: You sometimes gain a little power by
                  | taking damage. [demonic ancestry]
  3085 | Ossuary  | Reached XP level 7. HP: 51/52 MP: 10/10
  3197 | Ossuary  | Reached skill level 4 in Armour
  3959 | D:4      | Found Ibrym's General Store.
  3980 | D:4      | Bought a potion of heal wounds for 65 gold pieces
  3980 | D:4      | Bought a scroll of teleportation for 39 gold pieces
  4003 | D:4      | Found Ifefar's Firing Range.
  4094 | D:5      | Entered Level 5 of the Dungeon
  4352 | D:5      | Found a runed translucent door.
  4353 | D:5      | Noticed Crazy Yiuf
  4467 | D:5      | Reached XP level 8. HP: 60/60 MP: 11/11
  4737 | D:5      | Killed Crazy Yiuf
  4738 | D:5      | Reached skill level 5 in Armour
  4876 | D:6      | Found a staircase to the Ecumenical Temple.
  4896 | Temple   | Entered the Ecumenical Temple
  5133 | D:6      | Slain by a sky beast

Illustrated notes

Levels and vault maps discovered:
D:1:      tarquinn_simple_flora_water_d, layout_basic, chequers_arboretum,
          item_on_display_a
D:2:      layout_basic, uniq_terence
D:3:      layout_basic, amcnicky_altar_gilded, mainiacjoe_overflow_alcove_4,
          serial_shops, shop
D:4:      layout_basic, enter_ossuary_4, serial_shops, shop,
          nicolae_shop_firing_range, uniq_sigmund
D:5:      layout_rooms, uniq_crazy_yiuf_cottage
D:6:      layout_loops_ring, minmay_temple_entry_mini_moons
Temple:   lightli_temple_of_artemis

Skill      XL: |  1  2  3  4  5  6  7  8 |
---------------+-------------------------+-----
Throwing       | 1 |  1.0
Armour         | 1 2 3 4 5 |  5.4
Long Blades    | 2 |  2.3
Dodging        | 2 3 4 |  4.2
Translocations | 3 4 |  4.9
Maces & Flails | 1 2 3 |  3.2
Fighting       | 3 4 |  4.5
Short Blades   | |  0.1
Spellcasting   | |  2.0

Action                     |  1- 3 |  4- 6 |  7- 9 || total
---------------------------+-------+-------+-------++-------
  Melee: Falchion          |   137 |       |       ||   137
         Punch             |     2 |       |     3 ||     5
         Mace              |       |    75 |   145 ||   220
         Short sword       |       |    24 |       ||    24
   Cast: Blink             |       |       |     2 ||     2
    Use: Scroll            |       |       |     7 ||     7
   Stab: Sleeping          |     3 |     5 |     6 ||    14
         Distracted        |       |     1 |       ||     1
 Armour: Leather armour    |     3 |       |       ||     3
         Ring mail         |    57 |    23 |    37 ||   117
  Dodge: Dodged            |    94 |    45 |    85 ||   224
